 Dungeon Crawl Stone Soup version 0.31-a0-193-gdfe2569204 (webtiles) character file.

Game seed: 17966194678146085084

9029 qw the Markself (level 11, 0/68 HPs)
             Began as a Deep Elf Hunter on June 23, 2023.
             Was a Follower of Okawaru.
             Slain by an ogre
             ... wielding a +0 giant club
             ... led by Lodul
              (10 damage)
             ... on level 11 of the Dungeon.
             The game lasted 00:04:11 (11274 turns).

qw the Markself (Deep Elf Hunter)                  Turns: 11274, Time: 00:04:11

Health: 0/68       AC: 19    Str: 12    XL:     11   Next: 17%
Magic:  15/16      EV: 16    Int: 15    God:    Okawaru [*.....]
Gold:   515        SH:  0    Dex: 18    Spells: 10/10 levels left

rFire   + . .        Y - +0 orcbow (freeze)
rCold   . . .        (shield currently unavailable)
rNeg    . . .        q - +2 scale mail of Hoesaor {rElec rF+}
rPois   .            o - +2 hat
rElec   +            b - +2 cloak
rCorr   .            (no gloves)
SInv    .            (no boots)
Will    +....        (no amulet) Stlth
                     h - +4 ring of slaying {mikee}
HPRegen 0.31/turn    i - +4 ring of protection
MPRegen 0.15/turn

%: no passive effects
@: confused, heroic, slowed, very slow
A: no striking features
a: Renounce Religion, Heroism


You were on level 11 of the Dungeon.
You worshipped Okawaru.
Okawaru was aware of your devotion.
You visited 2 branches of the dungeon, and saw 14 of its levels.
You also visited: Sewer.

You collected 557 gold pieces.
You spent 42 gold pieces at shops.


   Skills:
 + Level 7.6(12.6) Fighting
 - Level 16.0(21.0) Ranged Weapons
 - Level 3.1(8.1) Armour
 - Level 9.1(14.1) Dodging
 - Level 1.2(6.2) Stealth
 - Level 4.3 Invocations


You had 10 spell levels left.
You didn't know any spells.
Your spell library was empty.

Inventory:

Hand Weapons
 Y - a +0 orcbow of freezing (weapon)
Armour
 b - a +2 cloak (worn)
 j - +0 acid dragon scales
 o - a +2 hat (worn)
 q - the +2 scale mail of Hoesaor (worn) {rElec rF+}
   (You found it on level 10 of the Dungeon)

   rF:        It protects you from fire.
   rElec:     It insulates you from electricity.
Jewellery
 h - a +4 ring of slaying (left hand) {mikee}
 i - a +4 ring of protection (right hand)
Wands
 n - a wand of digging (8)
Scrolls
 a - 3 scrolls of identify
 m - 3 scrolls of teleportation
Potions
 c - a potion of resistance
 d - a potion of mutation
 e - 4 potions of might
 f - a potion of curing
 g - a potion of cancellation
 k - 2 potions of heal wounds
 l - a potion of haste

Dungeon Overview and Level Annotations

Branches:
Dungeon (13/15)            Temple (1/1) D:6             Orc (0/2) D:10
  Sewer (visited)
   Lair: D:8-11      Vaults: D:13-14

Altars:
Ashenzari
Cheibriados
Dithmenos
Elyvilon
Fedhas
Gozag
Hepliaklqana
Kikubaaqudgha
Makhleb
Nemelex Xobeh
Okawaru
Qazlal
Ru
Sif Muna
Trog
Uskayaw
Vehumet
Wu Jian
Xom
Yredelemnul
Zin
The Shining One

Shops:
D:5 (   D:9 *

Portals:
Trove: D:12 (show abyssal rune of Zot)

Annotations:
D:11 Gastronok, Lodul, Psyche


Message History

You kill the ogre!
Okawaru accepts your kill.
You hear some strange, mumbled words.
A swirling arc of seething chaos appears!
An arc of chaos appears from out of thin air!
The arc of chaos hits you! The ogre barely misses you. x2
A yak comes into view.
The ogre barely misses you. The ogre hits you but does no damage.
Something hits you but does no damage.
You hear an angry hiss.
You shoot an arrow. The arrow hits the ogre.
The arrow freezes the ogre.
The ogre is lightly wounded.
Something hits you but does no damage.
You are poisoned.
The ogre misses you. The ogre barely misses you.
The ogre hits you with a +0 giant spiked club.
The ogre closely misses you. The ogre completely misses you.
The ogre misses you. Something hits you but does no damage.
The black bear falls through a shaft!
The shaft crumbles and collapses.
Gastronok chants a spell, wobbling all the while.
You shoot an arrow.
The arrow hits the ogre but does no damage.
The ogre is lightly wounded.
You feel sick. The bat hits you but does no damage. Something hits you.
You are confused.
The ogre closely misses you. The ogre completely misses you.
The ogre misses you. x2
A wyvern comes into view.
The bat misses you. The ogre hits you with a +0 giant club!
The ogre misses you. Something hits you but does no damage.
You are more confused.
11274 ||| DRINKING 2 potions of curing.
You feel better.
11274 ||| (to cure confusion)
The bat completely misses you. x2; The bat closely misses you.
Something hits you but does no damage.
You are confused.
The ogre barely misses you. The ogre closely misses you. x2
The ogre hits you with a +0 giant club!!
The ogre hits you with a +0 giant club!
You die...

#########
#.......#
#.......#
#....OO.#
#....OOO#
#...O{@O#
#....OOb#
......bw...
.#..l......#
..Y####....#
.. #....# .
#....#
$../.#


You could see Gastronok, Lodul, a yak, a wyvern, 8 ogres and 2 bats.

Vanquished Creatures
  A two-headed ogre (D:8)
  Pikel (D:6)
  2 cyclopes
  A manticore (D:12)
  An ugly thing (D:9)
  A gargoyle (D:10)
  An unseen horror (D:12)
  A troll (D:10)
  2 hornets (D:10)
  A basilisk (D:13)
  3 steam dragons
  5 acid dragons
  A water moccasin (D:7)
  2 orc warriors
  6 ice beasts
  4 ogres
  11 centaurs
  A phantom (D:5)
  4 lemures
  2 kobold brigands (Sewer)
  A bullfrog (D:8)
  A gnoll sergeant (D:10)
  5 scorpions
  4 wights (D:6)
  5 jellies
  10 killer bees
  2 howler monkeys
  An electric eel (D:10)
  2 hounds
  2 orc priests
  A gnoll bouda (D:8)
  2 sleepcaps (D:6)
  Jessica (D:3)
  2 iguanas (D:5)
  2 orc wizards (D:8)
  A mummy (D:4)
  16 gnolls
  3 river rats (Sewer)
  11 adders
  A shadow imp (D:7)
  A white imp (D:6)
  3 ufetubi
  4 worms
  2 dart slugs
  10 orcs
  11 ball pythons
  6 bats
  7 endoplasms
  3 giant cockroaches (D:3)
  7 goblins
  12 hobgoblins
  2 jackals (Sewer)
  10 kobolds
  A quokka (D:4)
  3 frilled lizards
  2 goblin zombies (D:7)
  2 hobgoblin zombies (D:4)
  2 kobold zombies (D:4)
  9 rats
221 creatures vanquished.

Notes
Turn   | Place    | Note
-------+----------+-------------------------------------------
     0 | D:1      | qw the Deep Elf Hunter began the quest for the Orb.
     0 | D:1      | Reached XP level 1. HP: 12/12 MP: 3/3
     0 | D:1      | 0 ||| qw: Version: 0.3-a-9-g12657ce
     0 | D:1      | 0 ||| qw: Game counter: 4630
     0 | D:1      | 0 ||| qw: Always use a shield: true
     0 | D:1      | 0 ||| qw: God list: Okawaru
     0 | D:1      | 0 ||| qw: Allow faded altars: false
     0 | D:1      | 0 ||| qw: Do Orc after D:15 true
     0 | D:1      | 0 ||| qw: Do second Lair branch before Depths: true
     0 | D:1      | 0 ||| qw: Lair rune preference: random
     0 | D:1      | 0 ||| qw: Plans: Normal
     0 | D:1      | 0 ||| PLANNING D:1-11
   365 | D:1      | Reached skill level 6 in Ranged Weapons
   365 | D:1      | Reached XP level 2. HP: 16/16 MP: 4/4
   931 | D:1      | 931 ||| UPGRADING to +0 ring mail.
   941 | D:1      | 941 ||| DROPPING +0 leather armour.
   942 | D:1      | 942 ||| READING 2 scrolls labelled ACZESE GUZUVEH.
   943 | D:1      | 943 ||| READING scroll labelled INNEALA KAWOU.
   944 | D:1      | 944 ||| READING scroll labelled ERPHOM XAIHELIC.
   945 | D:1      | 945 ||| READING scroll labelled ROCYIL VUHAIJO.
   946 | D:1      | 946 ||| READING scroll labelled KOTOYMACSO.
   947 | D:1      | 947 ||| DROPPING scroll of butterflies.
   977 | D:2      | 977 ||| STAIRDANCE
  1052 | D:2      | Reached XP level 3. HP: 20/20 MP: 5/5
  1388 | D:2      | Reached skill level 7 in Ranged Weapons
  1400 | D:2      | Found a shadowy altar of Dithmenos.
  1738 | D:2      | 1738 ||| UPGRADING to +1 hat.
  1743 | D:2      | 1743 ||| DROPPING ring of magical power.
  1744 | D:2      | 1744 ||| READING scroll labelled ZEBOTR FAITH.
  1748 | D:2      | 1748 ||| READING scroll labelled QUAROIR LATAP.
  1849 | D:2      | 1849 ||| READING scroll labelled SANIQO ARO.
  1850 | D:2      | 1850 ||| READING 2 scrolls labelled RYF ZOIGHENEH.
  1851 | D:2      | 1851 ||| READING scroll of enchant weapon.
  1851 | D:2      | 1851 ||| ENCHANTING +1 shortbow.
  1852 | D:2      | 1852 ||| DRINKING 2 pink potions.
  1853 | D:2      | 1853 ||| READING 3 scrolls of identify.
  1853 | D:2      | 1853 ||| IDENTIFYING green potion
  1854 | D:2      | 1854 ||| READING 2 scrolls of identify.
  1854 | D:2      | 1854 ||| IDENTIFYING puce potion
  1855 | D:2      | 1855 ||| DROPPING potion of ambrosia.
  1856 | D:2      | 1856 ||| DROPPING potion of invisibility.
  1857 | D:2      | 1857 ||| DROPPING potion of brilliance.
  1866 | D:3      | 1866 ||| STAIRDANCE
  1873 | D:2      | Reached XP level 4. HP: 8/25 MP: 6/6
  1946 | D:3      | 1946 ||| STAIRDANCE
  1984 | D:3      | 1984 ||| STAIRDANCE
  1998 | D:3      | 1998 ||| STAIRDANCE
  2002 | D:2      | HP: 3/25 [gnoll/+0 spear (4)]
  2581 | D:3      | Reached skill level 8 in Ranged Weapons
  3218 | D:3      | Noticed Jessica
  3219 | D:3      | Killed Jessica
  3220 | D:3      | Reached XP level 5. HP: 29/29 MP: 7/7
  3328 | D:3      | 3328 ||| UPGRADING to +0 cloak.
  3333 | D:3      | 3333 ||| UPGRADING to +4 ring of slaying {mikee}.
  3334 | D:3      | 3334 ||| UPGRADING to +4 ring of protection.
  3335 | D:3      | 3335 ||| DROPPING ring of positive energy.
  3336 | D:3      | 3336 ||| READING scroll labelled GEB MUQ REIDDE.
  3337 | D:3      | 3337 ||| READING 3 scrolls of identify.
  3337 | D:3      | 3337 ||| IDENTIFYING lumpy pink potion
  3338 | D:3      | 3338 ||| READING 2 scrolls of identify.
  3338 | D:3      | 3338 ||| IDENTIFYING blue potion
  3364 | D:4      | 3364 ||| PLANNING SEWER
  3396 | D:4      | Found a glowing drain.
  3411 | Sewer    | Entered a sewer
  3433 | Sewer    | 3433 ||| Stepping ~*~*~tactically~*~*~ (water).
  3469 | Sewer    | Reached skill level 9 in Ranged Weapons
  3580 | Sewer    | Reached XP level 6. HP: 35/35 MP: 8/8
  3746 | Sewer    | 3746 ||| Stepping ~*~*~tactically~*~*~ (water).
  3750 | Sewer    | Reached skill level 10 in Ranged Weapons
  3780 | Sewer    | 3780 ||| READING scroll of enchant armour.
  3780 | Sewer    | 3780 ||| ENCHANTING +1 hat.
  3978 | D:4      | 3978 ||| PLANNING D:1-11
  3979 | D:4      | 3979 ||| Stepping ~*~*~tactically~*~*~ (water).
  4032 | D:4      | Reached skill level 3 in Dodging
  4124 | D:4      | Reached skill level 1 in Armour
  4127 | D:4      | 4127 ||| READING scroll of enchant weapon.
  4127 | D:4      | 4127 ||| ENCHANTING +2 shortbow.
  4245 | D:4      | Found a stormy altar of Qazlal.
  4277 | D:4      | Reached XP level 7. HP: 40/40 MP: 9/9
  4483 | D:4      | 4483 ||| READING scroll of enchant armour.
  4483 | D:4      | 4483 ||| ENCHANTING +0 cloak.
  4692 | D:5      | Entered Level 5 of the Dungeon
  4715 | D:5      | Reached skill level 11 in Ranged Weapons
  4897 | D:5      | 4897 ||| READING scroll of enchant armour.
  4897 | D:5      | 4897 ||| ENCHANTING +1 cloak.
  5007 | D:5      | Reached skill level 12 in Ranged Weapons
  5118 | D:5      | Found an ancient bone altar of Kikubaaqudgha.
  5324 | D:5      | Found Guhant's Weapon Boutique.
  5339 | D:5      | Reached skill level 3 in Fighting
  5339 | D:5      | Reached XP level 8. HP: 46/46 MP: 10/10
  5442 | D:5      | 5442 ||| READING scroll labelled EVIATI ZINOY.
  5443 | D:5      | 5443 ||| DRINKING 2 glowing pink potions.
  5444 | D:5      | 5444 ||| DRINKING 3 brown potions.
  5446 | D:5      | 5446 ||| Stepping ~*~*~tactically~*~*~ (cloud).
  5564 | D:6      | Noticed Pikel
  5569 | D:6      | 5569 ||| FLEEEEING.
  5570 | D:6      | 5570 ||| FLEEEEING.
  5571 | D:6      | 5571 ||| STAIRDANCE
  5596 | D:6      | 5596 ||| STAIRDANCE
  5596 | D:6      | HP: 5/46 [disintegration (21)]
  5598 | D:5      | 5598 ||| DRINKING 2 potions of heal wounds.
  5657 | D:6      | 5657 ||| STAIRDANCE
  5788 | D:6      | Killed Pikel
  5789 | D:6      | Reached skill level 6 in Dodging
  5797 | D:6      | 5797 ||| FLEEEEING.
  5800 | D:6      | 5800 ||| STAIRDANCE
  6086 | D:6      | Reached skill level 13 in Ranged Weapons
  6112 | D:6      | Reached XP level 9. HP: 51/51 MP: 11/11
  6446 | D:6      | Found a staircase to the Ecumenical Temple.
  6447 | D:6      | 6447 ||| PLANNING TEMPLE
  6447 | D:6      | 6447 ||| DROPPING ring of resist corrosion.
  6448 | D:6      | 6448 ||| READING scroll labelled TUEPYINIMA.
  6449 | D:6      | 6449 ||| DRINKING 2 viscous green potions.
  6458 | Temple   | Entered the Ecumenical Temple
  6459 | Temple   | 6459 ||| PLANNING OKAWARU WORSHIP
  6724 | Temple   | Became a worshipper of Warmaster Okawaru
  6725 | Temple   | 6725 ||| PLANNING D:1-11
  6808 | D:7      | 6808 ||| PLANNING OSSUARY
  6820 | D:7      | Reached skill level 14 in Ranged Weapons
  7258 | D:7      | Reached * piety under Okawaru
  7542 | D:7      | 7542 ||| RIP OSSUARY
  7560 | D:7      | 7560 ||| PLANNING D:1-11
  7567 | D:7      | 7567 ||| READING 2 scrolls of identify.
  7567 | D:7      | 7567 ||| IDENTIFYING smoky emerald potion
  7631 | D:8      | 7631 ||| INVOKING Heroism.
  7848 | D:8      | 7848 ||| SWAPPING to +0 orcbow.
  7849 | D:8      | 7849 ||| DROPPING +3 shortbow.
  7873 | D:8      | Noticed a two-headed ogre
  7879 | D:8      | Killed a two-headed ogre
  7880 | D:8      | Reached skill level 15 in Ranged Weapons
  7887 | D:8      | 7887 ||| Stepping ~*~*~tactically~*~*~ (outnumbered).
  7888 | D:8      | 7888 ||| Stepping ~*~*~tactically~*~*~ (outnumbered).
  8087 | D:8      | 8087 ||| INVOKING Heroism.
  8121 | D:8      | Reached skill level 1 in Invocations
  8324 | D:8      | 8324 ||| INVOKING Heroism.
  8360 | D:8      | 8360 ||| INVOKING Heroism.
  8363 | D:8      | Reached XP level 10. HP: 32/59 MP: 9/13
  8597 | D:9      | 8597 ||| STAIRDANCE
  8600 | D:8      | 8600 ||| INVOKING Heroism.
  8604 | D:8      | HP: 10/59 [acid dragon/splash of acid (11)]
  8605 | D:8      | 8605 ||| READING scroll of teleportation.
  8606 | D:8      | 8606 ||| DRINKING potion of heal wounds.
  8776 | D:8      | 8776 ||| UPGRADING to +0 acid dragon scales.
  8786 | D:8      | 8786 ||| DROPPING +0 ring mail.
  8790 | D:9      | 8790 ||| INVOKING Heroism.
  8842 | D:9      | Found Wept's General Store.
  8885 | D:9      | 8885 ||| BUYING potion of curing (42 gold).
  8885 | D:9      | Bought a potion of curing for 42 gold pieces
  8885 | D:9      | 8885 ||| SHOPLISTING scroll of acquirement (728 gold, have
                  | 432).
  8928 | D:9      | Found a blossoming altar of Fedhas.
  8994 | D:9      | 8994 ||| INVOKING Heroism.
  8999 | D:9      | Noticed a red ugly thing
  9010 | D:9      | Killed a red ugly thing
  9011 | D:9      | Reached skill level 3 in Invocations
  9011 | D:9      | 9011 ||| Stepping ~*~*~tactically~*~*~ (cloud).
  9016 | D:9      | 9016 ||| INVOKING Heroism.
  9023 | D:9      | 9023 ||| Stepping ~*~*~tactically~*~*~ (cloud).
  9107 | D:9      | Found a sacrificial altar of Ru.
  9189 | D:9      | 9189 ||| Stepping ~*~*~tactically~*~*~ (cloud).
  9190 | D:9      | 9190 ||| Stepping ~*~*~tactically~*~*~ (cloud).
  9194 | D:9      | 9194 ||| INVOKING Heroism.
  9198 | D:9      | 9198 ||| Stepping ~*~*~tactically~*~*~ (cloud).
  9203 | D:9      | Reached skill level 16 in Ranged Weapons
  9286 | D:9      | 9286 ||| READING scroll labelled DIKHLU KYMAES.
  9287 | D:9      | 9287 ||| READING 3 scrolls of identify.
  9287 | D:9      | 9287 ||| IDENTIFYING lumpy inky potion
  9288 | D:9      | 9288 ||| READING 2 scrolls of identify.
  9288 | D:9      | 9288 ||| IDENTIFYING bubbling purple potion
  9289 | D:9      | 9289 ||| DROPPING potion of degeneration.
  9317 | D:10     | Entered Level 10 of the Dungeon
  9323 | D:10     | 9323 ||| STAIRDANCE
  9327 | D:9      | 9327 ||| INVOKING Heroism.
  9337 | D:9      | HP: 13/59 [poisoned by a killer bee]
  9342 | D:9      | HP: 10/59 [poisoned by a killer bee]
  9553 | D:10     | 9553 ||| INVOKING Heroism.
  9572 | D:10     | Found a basalt altar of Yredelemnul.
  9573 | D:10     | Found a hide-covered altar of Uskayaw.
  9688 | D:10     | Noticed a gargoyle
  9701 | D:10     | Killed a gargoyle
  9702 | D:10     | Reached skill level 9 in Dodging
  9789 | D:10     | 9789 ||| FLEEEEING.
  9790 | D:10     | 9790 ||| FLEEEEING.
  9791 | D:10     | 9791 ||| FLEEEEING.
  9792 | D:10     | 9792 ||| FLEEEEING.
  9793 | D:10     | 9793 ||| FLEEEEING.
  9794 | D:10     | 9794 ||| FLEEEEING.
  9795 | D:10     | 9795 ||| FLEEEEING.
  9796 | D:10     | 9796 ||| FLEEEEING.
  9797 | D:10     | 9797 ||| FLEEEEING.
  9798 | D:10     | 9798 ||| FLEEEEING.
  9799 | D:10     | 9799 ||| FLEEEEING.
  9800 | D:10     | 9800 ||| FLEEEEING.
  9801 | D:10     | 9801 ||| FLEEEEING.
  9802 | D:10     | 9802 ||| FLEEEEING.
  9803 | D:10     | 9803 ||| FLEEEEING.
  9804 | D:10     | 9804 ||| FLEEEEING.
  9805 | D:10     | 9805 ||| FLEEEEING.
  9806 | D:10     | 9806 ||| FLEEEEING.
  9807 | D:10     | 9807 ||| FLEEEEING.
  9808 | D:10     | 9808 ||| FLEEEEING.
  9809 | D:10     | 9809 ||| FLEEEEING.
  9810 | D:10     | 9810 ||| FLEEEEING.
  9811 | D:10     | 9811 ||| FLEEEEING.
  9812 | D:10     | 9812 ||| FLEEEEING.
  9813 | D:10     | 9813 ||| FLEEEEING.
  9814 | D:10     | 9814 ||| FLEEEEING.
  9815 | D:10     | 9815 ||| FLEEEEING.
  9816 | D:10     | 9816 ||| FLEEEEING.
  9818 | D:10     | 9818 ||| FLEEEEING.
  9819 | D:10     | 9819 ||| FLEEEEING.
  9820 | D:10     | 9820 ||| FLEEEEING.
  9821 | D:10     | 9821 ||| FLEEEEING.
  9822 | D:10     | 9822 ||| FLEEEEING.
  9823 | D:10     | 9823 ||| FLEEEEING.
  9824 | D:10     | 9824 ||| FLEEEEING.
  9825 | D:10     | 9825 ||| FLEEEEING.
  9826 | D:10     | 9826 ||| FLEEEEING.
  9827 | D:10     | 9827 ||| FLEEEEING.
  9828 | D:10     | 9828 ||| FLEEEEING.
  9829 | D:10     | 9829 ||| FLEEEEING.
  9830 | D:10     | 9830 ||| FLEEEEING.
  9831 | D:10     | 9831 ||| FLEEEEING.
  9899 | D:10     | 9899 ||| INVOKING Heroism.
  9922 | D:10     | Noticed a cyclops
  9923 | D:10     | 9923 ||| INVOKING Heroism.
  9924 | D:10     | 9924 ||| FLEEEEING.
  9943 | D:10     | 9943 ||| FLEEEEING.
  9944 | D:10     | 9944 ||| FLEEEEING.
  9946 | D:10     | 9946 ||| FLEEEEING.
  9947 | D:10     | 9947 ||| FLEEEEING.
  9948 | D:10     | 9948 ||| FLEEEEING.
  9949 | D:10     | 9949 ||| FLEEEEING.
  9950 | D:10     | 9950 ||| FLEEEEING.
  9964 | D:10     | 9964 ||| FLEEEEING.
  9980 | D:10     | 9980 ||| FLEEEEING.
  9981 | D:10     | 9981 ||| FLEEEEING.
  9982 | D:10     | 9982 ||| STAIRDANCE
 10065 | D:10     | 10065 ||| INVOKING Heroism.
 10071 | D:10     | Killed a cyclops
 10141 | D:10     | Reached skill level 6 in Fighting
 10166 | D:10     | Found a staircase to the Orcish Mines.
 10314 | D:10     | Identified the +2 scale mail of Hoesaor {rElec rF+}
 10401 | D:10     | 10401 ||| UPGRADING to +2 scale mail of Hoesaor {rElec
                  | rF+}.
 10411 | D:10     | 10411 ||| DROPPING amulet of magic regeneration.
 10436 | D:11     | 10436 ||| STAIRDANCE
 10476 | D:11     | 10476 ||| STAIRDANCE
 10479 | D:10     | Reached skill level 3 in Armour
 10553 | D:11     | 10553 ||| STAIRDANCE
 10564 | D:10     | 10564 ||| INVOKING Heroism.
 10642 | D:11     | 10642 ||| STAIRDANCE
 10644 | D:10     | 10644 ||| INVOKING Heroism.
 10784 | D:11     | 10784 ||| STAIRDANCE
 10830 | D:11     | 10830 ||| STAIRDANCE
 10905 | D:11     | You fall into a shaft and drop 2 floors!
 10947 | D:12     | Noticed a cyclops
 10948 | D:12     | 10948 ||| INVOKING Heroism.
 10950 | D:12     | Reached XP level 11. HP: 45/66 MP: 13/16
 11101 | D:12     | 11101 ||| INVOKING Heroism.
 11121 | D:12     | Found a portal to a secret trove of treasure.
 11122 | D:12     | 11122 ||| Stepping ~*~*~tactically~*~*~ (outnumbered).
 11174 | D:12     | Reached ** piety under Okawaru
 11268 | D:11     | Noticed Gastronok
 11268 | D:11     | Noticed Psyche
 11268 | D:11     | Noticed Lodul
 11269 | D:11     | 11269 ||| INVOKING Heroism.
 11274 | D:11     | 11274 ||| DRINKING 2 potions of curing.
 11274 | D:11     | 11274 ||| (to cure confusion)
 11274 | D:11     | HP: 10/68 [ogre/+0 giant club[Lodul] (22)]
 11274 | D:11     | Slain by an ogre

Levels and vault maps discovered:
D:1:      evilmike_arrival_fibonacci_small, layout_basic, minmay_ruptured
D:2:      layout_loops_ring, basic_altar
D:3:      minmay_razor_zed, layout_basic, serial_forest,
          infiniplex_forest_end_3, infiniplex_forest_clump_large,
          infiniplex_forest_straight_2, infiniplex_forest_lined_3,
          infiniplex_forest_straight_3, infiniplex_forest_lined_room_,
          infiniplex_forest_corner_1, infiniplex_forest_clump_diagonal,
          uniq_jessica
D:4:      layout_basic, grunt_qazlal_sundering, cheibrodos_sewer_entry_drain,
          serial_bayou_pond_b, minmay_misc_feat_x, minmay_mini_ossuary
D:5:      layout_basic, mainiacjoe_overflow_alcove_1, serial_shops, shop
D:6:      layout_basic, temple_hall, uniq_pikel
D:7:      layout_loops_ring, enter_ossuary_4
D:8:      minmay_recursive_quarters, layout_basic
D:9:      layout_cave_pools, fedhas_ov_isle_minmay,
          mainiacjoe_overflow_concentric_impassable, serial_shops,
          nicolae_shop_advertising_works [nicolae_subvault_shop_adworks],
          kennysheep_generic_room_12
D:10:     layout_irregular_city, nicolae_overflow_squiral, orc_0_dummy,
          serial_column_ruins, column_ruins_hut_pillars,
          column_ruins_hut_ruined, column_ruins_columns_corner,
          column_ruins_open_small, column_ruins_grid_1, column_ruins_grid_1,
          column_ruins_open_medium
D:11:     minmay_twisted_water, layout_rooms, david_lair_generic,
          uniq_gastronok, uniq_psyche, uniq_lodul, uniq_nergalle
D:12:     gammafunk_corrupted_shrine, layout_basic, enter_trove_1, uniq_jorgrun
D:13:     layout_loops_corners, uniq_azrael, uniq_josephine
Temple:   compressed_dpeg_triangle_lava_temple

Skill      XL: |  1  2  3  4  5  6  7  8  9 10 11 |
---------------+----------------------------------+-----
Ranged Weapons | 6 7 8 9 10 12 13 15 16 | 16.0
Fighting       | 2 3 5 6 7 |  7.6
Dodging        | 3 6 7 9 |  9.1
Armour         | 1 2 3 |  3.1
Invocations    | 1 4 |  4.3
Stealth        | |  1.2

Action                     |  1- 3 |  4- 6 |  7- 9 | 10-12 || total
---------------------------+-------+-------+-------+-------++-------
   Fire: Shortbow          |    84 |   142 |   271 |       ||   497
         Orcbow            |       |       |    34 |   213 ||   247
 Invoke: Heroism           |       |       |     4 |    15 ||    19
    Use: Scroll            |    12 |     5 |     5 |     4 ||    26
         Potion            |     1 |       |     4 |     2 ||     7
 Armour: Ring mail         |    10 |    16 |    37 |     4 ||    67
         Leather armour    |     1 |       |       |       ||     1
         Scale mail        |       |       |       |    70 ||    70
         Acid dragon scale |       |       |       |    27 ||    27
  Dodge: Dodged            |    10 |    19 |    67 |   179 ||   275

Table legend:
 A = Non-vault XP
 B = Vault XP
 C = Vault XP percentage of total XP
 D = Non-vault monster count
 E = Vault monster count
 F = Vault count percentage of total count
                 A         B        C        D         E       F
            +---------+---------+-------+---------+---------+-------
      Total |   11134 |    1765 |  13.7 |     162 |      55 |  25.3
            +---------+---------+-------+---------+---------+-------
        D:1 |      28 |       3 |   9.7 |      16 |       2 |  11.1
        D:2 |      66 |       0 |   0.0 |      16 |       0 |   0.0
        D:3 |      44 |      71 |  61.7 |      11 |      14 |  56.0
        D:4 |     330 |      27 |   7.6 |      18 |       9 |  33.3
        D:5 |     649 |       0 |   0.0 |      16 |       0 |   0.0
        D:6 |     929 |     593 |  39.0 |      18 |       1 |   5.3
        D:7 |     701 |       2 |   0.3 |       7 |       2 |  22.2
        D:8 |    1779 |     211 |  10.6 |      17 |       4 |  19.0
        D:9 |    1363 |     183 |  11.8 |      12 |       1 |   7.7
       D:10 |    2947 |     269 |   8.4 |      21 |       2 |   8.7
       D:11 |     213 |     121 |  36.2 |       2 |       1 |  33.3
       D:12 |    1898 |       0 |   0.0 |       7 |       0 |   0.0
       D:13 |     187 |       0 |   0.0 |       1 |       0 |   0.0
      Sewer |       0 |     285 | 100.0 |       0 |      19 | 100.0
            +---------+---------+-------+---------+---------+-------
